 Dungeon Crawl Stone Soup version 0.29-a0-275-g389c0b56f3 (webtiles) character file.

Game seed: 17062508999832896442

49 jmlagarto the Skirmisher (level 3, -2/33 (34) HPs)
             Began as a Minotaur Berserker on Mar 12, 2022.
             Was a Believer of Trog.
             Slain by an orc priest
             ... wielding a +0 flail
              (5 damage)
             ... on level 3 of the Dungeon.
             The game lasted 00:02:31 (1825 turns).

jmlagarto the Skirmisher (Minotaur Berserker)       Turns: 1825, Time: 00:02:31

HP:   -2/33 (34)    AC: 11    Str: 23    XL:     3   Next: 51%
MP:   2/2           EV:  7    Int:  4    God:    Trog [**....]
Gold: 102           SH:  0    Dex:  9    Spells: 2/2 levels left

rFire   . . .      SeeInvis .   a - +1 falchion
rCold   . . .      Faith    .   (no shield)
rNeg    . . .      Spirit   .   i - +0 plate armour
rPois   .          Reflect  .   (helmet restricted)
rElec   .          Harm     .   (no cloak)
rCorr   .          Rampage  .   (no gloves)
Will    .....                   (no boots)
Stlth   ..........              (no amulet)
HPRegen 0.11/turn               (no ring)
MPRegen 0.08/turn               (no ring)

@: silenced, lightly drained
A: horns 2, retaliatory headbutt
a: Renounce Religion


You were on level 3 of the Dungeon.
You worshipped Trog.
Trog was pleased with you.
You visited 1 branch of the dungeon, and saw 3 of its levels.

You collected 102 gold pieces.

Inventory:

Hand Weapons
 a - a +1 falchion (weapon)
Missiles
 f - 2 poisoned darts (quivered)
Armour
 b - a +0 animal skin
 i - a +0 plate armour (worn)
Wands
 g - a wand of flame (12)
Scrolls
 e - a scroll of amnesia
 h - a scroll of teleportation {unknown}
 k - 2 scrolls of identify {unknown}
 l - a scroll of summoning {unknown}
Potions
 c - 2 potions of curing {unknown}
 d - 2 potions of attraction {unknown}
 j - a potion of heal wounds {unknown}


   Skills:
 + Level 4.4 Fighting
 + Level 4.3 Long Blades
 + Level 2.9 Armour
 + Level 2.5 Dodging
 + Level 0.1 Stealth


You had 2 spell levels left.
You didn't know any spells.
Your spell library was empty.

Dungeon Overview and Level Annotations

Branches:
Dungeon (3/15)

Altars:


Innate Abilities, Weirdness & Mutations

You have a pair of horns on your head.
You reflexively headbutt those who attack you in melee.


Message History

The orc priest hits you but does no damage.
You closely miss the orc. Your headbutt misses the orc.
The orc hits you but does no damage. The orc wizard casts a spell at you.
You resist with significant effort.
The orc priest hits you with a +0 flail.
You hit the orc but do no damage. The orc wizard closely misses you.
The orc priest barely misses you. The orc hits you with a +0 short sword.
You hit the orc.
The orc is almost dead.
The orc wizard hits you but does no damage.
The orc priest invokes the aid of Beogh against you.
Beogh smites you!
* * * LOW HITPOINT WARNING * * *
The orc closely misses you.
As you read the scroll of silence, it crumbles to dust.
A profound silence engulfs you.
The orc priest hits you with a +0 flail.
* * * LOW HITPOINT WARNING * * *
The orc hits you with a +0 short sword.
* * * LOW HITPOINT WARNING * * *
The orc wizard closely misses you.
You barely miss the orc.
The orc is almost dead.
The orc wizard hits you but does no damage.
The orc priest hits you but does no damage.
The orc hits you but does no damage.
The orc wizard hits you but does no damage.
The orc closely misses you.
The orc priest hits you with a +0 flail.
* * * LOW HITPOINT WARNING * * *
You hit the orc but do no damage. Your headbutt misses the orc.
The orc is severely wounded.
The orc wizard hits you but does no damage.
The orc priest hits you but does no damage.
The orc hits you but does no damage.
You barely miss the orc. Your headbutt misses the orc.
The orc is severely wounded.
The orc priest hits you with a +0 flail.
You die...

# .#
###.####
#oo....#
#@o.#
#####


You could see an orc priest, an orc wizard and an orc.

Vanquished Creatures
  2 dart slugs (D:1)
  2 orcs (D:3)
  2 endoplasms
  3 giant cockroaches
  A goblin (D:1)
  5 hobgoblins
  2 jackals (D:1)
  3 kobolds (D:1)
  A quokka (D:1)
  4 ball pythons
  6 bats
  4 frilled lizards
  3 rats (D:1)
  A spectral goblin (D:2)
39 creatures vanquished.

Notes
Turn   | Place    | Note
-------+----------+-------------------------------------------
     0 | D:1      | jmlagarto the Minotaur Berserker began the quest for the
                  | Orb.
     0 | D:1      | Reached XP level 1. HP: 19/19 MP: 0/0
   273 | D:1      | Reached XP level 2. HP: 27/27 MP: 1/1
   791 | D:1      | Reached XP level 3. HP: 28/33 MP: 2/2
  1467 | D:2      | Found a faded altar of an unknown god.
  1546 | D:2      | Reached ** piety under Trog
  1825 | D:3      | Slain by an orc priest

Illustrated notes

Levels and vault maps discovered:
D:1:      erik_arrival_orb_chamber, layout_basic, minmay_misc_feat_hallway
D:2:      layout_rooms, dreamdust_ecumenical_altar_drowned_temple,
          minmay_misc_feat_plants
D:3:      layout_loops_ring, mainiacjoe_overflow_alcove_2,
          pdpol_wu_jian_five_deadly_venoms, mainiacjoe_overflow_cross_hatched,
          gup_sewer_entry_bowl, gammafunk_ghost_necromancy

Skill      XL: |  1  2 |
---------------+-------+-----
Long Blades    | 4 |  4.3
Fighting       | 4 |  4.4
Armour         | |  2.9
Dodging        | |  2.5
Stealth        | |  0.1

Action                   || total
-------------------------++-------
Melee: Falchion          ||    88
       Headbutt          ||    11
       Punch             ||     1
  Use: Scroll            ||     5
Armor: Animal skin       ||    17
       Plate armour      ||    16
Dodge: Dodged            ||    54

Table legend: (Time is in decaauts)
 A = Elapsed time spent in this place.
 B = Non-inter-level travel time spent in this place.
 C = Inter-level travel time spent in this place.
 D = Time resting spent in this place.
 E = Time spent auto-exploring this place.
 F = Levels seen in this place.
 G = Mean time per level.
                   A        B        C        D        E       F      G
               +--------+--------+--------+--------+--------+-----+--------+
         Total |   1842 |   1807 |     35 |      0 |   1497 |   3 |  614.0 |
       Dungeon |   1842 |   1807 |     35 |      0 |   1497 |   3 |  614.0 |
               +--------+--------+--------+--------+--------+-----+--------+

Top non-repeatable levels by time:
     D:1: 1200 daAuts
     D:2: 627 daAuts
     D:3: 13 daAuts
